 Dungeon Crawl Stone Soup version 0.28-a0-1033-g1a2f33fa85 (webtiles) character file.

Game seed: 12055821030295064764

87506 freelancePsychic the Brawler (level 15, -16/127 HPs)
             Began as a Demonspawn Artificer on Dec 7, 2021.
             Was the Champion of Nemelex Xobeh.
             Demolished by an entropy weaver simulacrum (38 damage)
             ... on level 15 of the Dungeon on Dec 8, 2021.
             The game lasted 00:49:47 (20864 turns).

freelancePsychic the Brawler (DsAr)                Turns: 20864, Time: 00:49:48

Health: -16/127    AC: 26    Str: 19    XL:     15   Next: 43%
Magic:  23/23      EV: 14    Int: 14    God:    Nemelex Xobeh [******]
Gold:   2298       SH:  6    Dex: 19    Spells: 14/14 levels left

rFire   + . .      SeeInvis .     - Unarmed
rCold   . . .      Faith    .   s - +0 buckler
rNeg    . . .      Spirit   .   Z - +0 shadow dragon scales
rPois   .          Reflect  .   V - +2 helmet
rElec   .          Harm     .   (no cloak)
rCorr   .          Rampage  .   (no gloves)
Will    +....      Clarity  +   u - +1 pair of boots
Stlth   +++.......              f - amulet of regeneration
HPRegen 1.11/turn               L - ring "Gyrimir" {rF+ AC+4 Dex+4}
MPRegen 0.18/turn               D - +4 ring of evasion

@: no status effects
A: claws 1, ignite blood 3, spiny 3, sharp scales 3, clarity, strong 1
a: Renounce Religion, Draw Escape, Draw Destruction, Draw Summoning, Triple
Draw, Deal Four, Stack Five


You were on level 15 of the Dungeon.
You worshipped Nemelex Xobeh.
Nemelex Xobeh was exalted by your worship.
You visited 4 branches of the dungeon, and saw 24 of its levels.

You collected 3395 gold pieces.
You spent 1097 gold pieces at shops.

Inventory:

Hand Weapons
 j - a +2 whip of venom
Missiles
 h - 5 silver javelins
 B - 7 throwing nets
Armour
 s - a +0 buckler (worn)
 u - a +1 pair of boots (worn)
 V - a +2 helmet (worn)
 Z - +0 shadow dragon scales (worn)
Jewellery
 b - a +6 ring of dexterity
 f - an amulet of regeneration (around neck)
 p - a ring of fire
 v - a ring of resist corrosion
 y - a ring of poison resistance
 D - a +4 ring of evasion (right claw)
 L - the ring "Gyrimir" (left claw) {rF+ AC+4 Dex+4}
   (You bought it in a shop on level 2 of the Orcish Mines)

   [ring of protection]

   AC:        It affects your AC (+4).
   Dex:       It affects your dexterity (+4).
   rF:        It protects you from fire.
 Q - a ring of willpower
 U - an amulet of guardian spirit
 X - a ring of flight
Wands
 c - a wand of flame (39) (quivered)
 d - a wand of charming (10)
 C - a wand of digging (15)
 O - a wand of iceblast (9)
 T - a wand of polymorph (1)
Scrolls
 g - 4 scrolls of immolation
 k - 4 scrolls of enchant weapon
 t - 7 scrolls of amnesia
 x - a scroll of enchant armour
 z - 4 scrolls of vulnerability
 A - 6 scrolls of fog
 E - a scroll of silence
 F - a scroll of fear
 H - 3 scrolls of magic mapping
 J - 3 scrolls of torment
 K - 2 scrolls of brand weapon
 P - 2 scrolls of teleportation {@r4}
 S - 7 scrolls of identify {@r1}
 W - a scroll of holy word
 Y - a scroll of blinking
Potions
 a - 4 potions of heal wounds {@q2}
 i - 2 potions of magic {unknown}
 m - 4 potions of cancellation
 n - 13 potions of curing {@q1}
 o - 5 potions of mutation
 q - a potion of might
 r - a potion of ambrosia {unknown}
 w - a potion of brilliance
 G - 6 potions of attraction
 I - 3 potions of haste {unknown}
 M - 2 potions of berserk rage {unknown}
 N - 2 potions of lignification {unknown}
 R - 2 potions of flight {unknown}
Miscellaneous
 e - a piece from Xom's chessboard (15/15)


   Skills:
 + Level 14.3 Fighting
 - Level 4.4 Short Blades
 - Level 9.3 Maces & Flails
 + Level 8.4 Armour
 - Level 4.3 Dodging
 - Level 0.8 Stealth
 - Level 4.0 Shields
 * Level 15.3 Unarmed Combat
 - Level 10.8 Invocations
 - Level 3.0 Evocations


You had 14 spell levels left.
You didn't know any spells.
Your spell library contained the following spells:

 Spells                   Type           Power      Damage    Failure   Level
 Shock                    Conj/Air       0%         1d3       94%         1
 Ensorcelled Hibernation  Hex/Ice        0%         N/A       98%         2
 Static Discharge         Conj/Air       0%         N/A       98%         2
 Dazzling Flash           Conj/Hex       0%         N/A       100%        3
 Gell's Gravitas          Tloc           0%         N/A       100%        3
 Ignite Poison            Fire/Tmut/Pois 0%         N/A       100%        3
 Lesser Beckoning         Tloc           0%         N/A       100%        3
 Mephitic Cloud           Conj/Pois/Air  0%         N/A       100%        3
 Portal Projectile        Hex/Tloc       0%         N/A       100%        3
 Stone Arrow              Conj/Erth      0%         3d7       100%        3
 Swiftness                Air            0%         N/A       100%        3
 Teleport Other           Tloc           0%         N/A       100%        3
 Tukima's Dance           Hex            0%         N/A       100%        3
 Airstrike                Air            0%         N/A       100%        4
 Animate Armour           Summ/Erth      0%         N/A       100%        4
 Animate Dead             Necr           0%         N/A       100%        4
 Dispel Undead            Necr           0%         3d6       100%        4
 Hailstorm                Conj/Ice       0%         3d3       100%        4
 Ice Form                 Ice/Tmut       0%         N/A       100%        4
 Sticky Flame             Conj/Fire      0%         2d3       100%        4
 Summon Ice Beast         Ice/Summ       0%         N/A       100%        4
 Summon Lightning Spire   Summ/Air       0%         N/A       100%        4
 Agony                    Necr           0%         N/A       100%        5
 Blade Hands              Tmut           0%         N/A       100%        5
 Excruciating Wounds      Necr           0%         N/A       100%        5
 Freezing Cloud           Conj/Ice/Air   0%         6-21      100%        5
 Iskenderun's Battlesphe  Conj           0%         2d6       100%        5
 Silence                  Hex/Air        0%         N/A       100%        5
 Summon Mana Viper        Hex/Summ       0%         N/A       100%        5
 Iron Shot                Conj/Erth      0%         9d1       100%        6
 Simulacrum               Ice/Necr       0%         N/A       100%        6
 Haunt                    Necr/Summ      0%         N/A       100%        7
 Monstrous Menagerie      Summ           0%         N/A       100%        7
 Spellforged Servitor     Conj/Summ      0%         N/A       100%        7
 Storm Form               Tmut/Air       0%         N/A       100%        7
 Infestation              Necr           0%         N/A       100%        8
 Lehudib's Crystal Spear  Conj/Erth      0%         10d2      100%        8
 Maxwell's Capacitive Co  Air            0%         ∞         100%        8


Dungeon Overview and Level Annotations

Branches:
Dungeon (15/15)            Temple (1/1) D:6            Lair (6/6) D:9
 Shoals (0/4) Lair:3        Snake (0/4) Lair:4        Slime (0/5) Lair:6
    Orc (2/2) D:12            Elf (0/3) Orc:2        Vaults (0/5) D:14
 Depths (0/4) D:15

Altars:
Ashenzari
Cheibriados
Dithmenos
Elyvilon
Fedhas
Gozag
Hepliaklqana
Kikubaaqudgha
Makhleb
Nemelex Xobeh
Okawaru
Qazlal
Ru
Sif Muna
Trog
Uskayaw
Vehumet
Wu Jian
Xom
Yredelemnul
Zin
The Shining One
Beogh

Shops:
D:13 =[(   Orc:2 (=(([

Portals:
Ice
Cave: D:15

Annotations:
D:2 Grinder
D:9 1 runed translucent door
D:14 1 runed translucent door, KennySheep's ghost, journeyman DECj


Innate Abilities, Weirdness & Mutations

You have sharp fingernails.
Your demonic aura causes all spilled blood to erupt in flames.
You are completely covered in sharp spines.
You are completely covered in razor-sharp scales. (AC +3, Slay +3)
You possess an exceptional clarity of mind.
Your muscles are strong. (Str +2)


Message History

You are too injured to fight recklessly!
You are too injured to fight recklessly!
You are too injured to fight recklessly!
You are too injured to fight recklessly!
You are too injured to fight recklessly!
You are too injured to fight recklessly!
You are too injured to fight recklessly!
You are too injured to fight recklessly!
You are too injured to fight recklessly!
You are too injured to fight recklessly!
You are too injured to fight recklessly!
You are too injured to fight recklessly!
You are too injured to fight recklessly!
You are too injured to fight recklessly!
You are too injured to fight recklessly!
You are too injured to fight recklessly!
You claw the dire elephant simulacrum!
The dire elephant simulacrum is severely damaged.
The entropy weaver simulacrum hits you but does no damage.
The entropy weaver simulacrum hits you.
The entropy weaver simulacrum freezes you!
You block the entropy weaver simulacrum's attack.
The entropy weaver simulacrum hits you but does no damage.
Okay, then.
The entropy weaver simulacrum is engulfed in blazing flames.
The spriggan defender simulacrum is engulfed in blazing flames. x2
The spriggan defender simulacrum is struck by your spines.
The spriggan defender simulacrum hits you but does no damage.
The spriggan defender simulacrum is struck by your spines.
The spriggan defender simulacrum vaporises!
There is a stone staircase leading up here.
The entropy weaver simulacrum hits you.
The entropy weaver simulacrum freezes you!!
* * * LOW HITPOINT WARNING * * *
The entropy weaver simulacrum misses you.
The entropy weaver simulacrum hits you.
* * * LOW HITPOINT WARNING * * *
The entropy weaver simulacrum freezes you!!!
You die...
Your body disappears without a glow.

,,,,,,,,,,,,...,,,,,,,,.#
********,,,*....,******.#
********,,,*.....######.#
,,,,,,,,,,,,..∩..Z..ZZ..#
,,,,,,,,,,,,.....Z......#
,,,,,,,*****......####..#
,,,,,,,*##############..#
,,,,,,,,........)....Z..#
,,,,,,,,........@Z.Z....#
,,,,,,,,.#############..#
,,,,,,,,,* #..#
,,,,,,,,,* #..#
,,,,,,,,,* #..#
,,,,,,,,,************#..#
,,,,,,,,,,,,,,,,,,,,,...#
,,,,,,,,,,,,,,,,,,,,,,..#
,,,,,,,,,**************,*


You could see a dire elephant simulacrum, a minotaur simulacrum and an entropy
weaver simulacrum.

Vanquished Creatures
  Snorg (D:10)
  A fire dragon (Lair:6)
  Harold (D:9)
  10 hydras
  Erolcha (D:9)
  A catoblepas (Lair:2)
  6 boulder beetles
  Erica (D:9)
  3 centaur warriors (D:13)
  5 two-headed ogres
  A tengu warrior (D:13)
  2 death yaks (Lair:6)
  Nergalle (Lair:4)
  A fire crab (Lair:5)
  A death drake (D:14)
  Pikel (D:6)
  A swamp dragon (Lair:6)
  2 orc knights
  3 deep elf pyromancers
  A cyclops (Orc:2)
  11 ugly things (D:14)
  3 orc sorcerers
  A manticore (D:12)
  3 elephants (Lair:4)
  Maurice (D:9)
  An eye of devastation (D:14)
  5 black mambas
  A gargoyle (D:12)
  14 cane toads
  An unseen horror (D:11)
  9 rime drakes
  Psyche (D:8)
  2 tengu conjurers
  6 komodo dragons
  A queen bee (Lair:6)
  12 polar bears
  8 trolls
  Prince Ribbit (D:9)
  16 slime creatures
  A raiju (Lair:6)
  5 blink frogs
  11 spriggans (Lair:1)
  4 wyverns
  A vampire (D:12)
  A fire bat (D:9)
  A spriggan simulacrum (D:15)
  7 wraiths
  54 yaks
  4 steam dragons
  8 basilisks
  Eustachio (D:5)
  12 vampire mosquitoes
  16 humans (D:14)
  Grum (D:10)
  A minotaur simulacrum (D:15)
  A naga (Lair:4)
  4 wargs
  17 water moccasins
  3 acid dragons
  14 hell hounds (Lair:6)
  2 swamp drakes (Lair:6)
  21 orc warriors
  2 sky beasts
  9 black bears (Lair:6)
  5 ogres
  A necrophage (D:4)
  22 wolves
  8 centaurs
  3 lemures
  A kobold brigand (D:8)
  2 gnoll sergeants
  12 bullfrogs
  A wyvern zombie (D:5)
  4 scorpions
  2 water moccasin zombies (D:5)
  A wyvern skeleton (D:7)
  4 killer bees
  A howler monkey (Orc:2)
  5 centaur zombies
  A bullfrog zombie (D:5)
  17 orc priests
  A gnoll shaman (D:9)
  3 centaur skeletons (D:5)
  2 hounds
  5 jellies
  2 bullfrog skeletons
  Ijyb (D:3)
  Terence (D:3)
  8 iguanas
  10 orc wizards
  2 killer bee zombies
  2 hound zombies (D:5)
  A hound skeleton (D:5)
  A howler monkey zombie (D:7)
  2 howler monkey skeletons (D:6)
  17 gnolls
  5 adders
  4 white imps
  2 adder zombies (D:5)
  3 worms
  3 dart slugs
  40 orcs
  11 ball pythons
  16 bats
  9 endoplasms
  7 giant cockroaches
  8 goblins
  5 hobgoblins
  3 jackals
  14 kobolds
  A quokka (D:5)
  3 frilled lizards
  5 rats
629 creatures vanquished.

Vanquished Creatures (collateral kills)
  A hydra (Lair:5)
  3 death yaks (Lair:6)
  A cane toad (Lair:5)
  A komodo dragon (Lair:5)
  2 blink frogs (Lair:3)
  A shadow (D:9)
  3 yaks
  A fire bat (D:9)
  A basilisk (Lair:5)
  A hell hound (Lair:6)
  2 orc warriors (Orc:2)
  A black bear (Lair:6)
  A white imp (D:8)
  4 orcs
  A jackal (D:3)
24 creatures vanquished.

Vanquished Creatures (others)
  An acid dragon (Lair:6)
  A black bear (Lair:6)
  A killer bee (D:6)
  19 fungi
  44 plants
66 creatures vanquished.

Grand Total: 719 creatures vanquished

Notes
Turn   | Place    | Note
-------+----------+-------------------------------------------
     0 | D:1      | freelancePsychic the Demonspawn Artificer began the quest
                  | for the Orb.
     0 | D:1      | Reached XP level 1. HP: 15/15 MP: 1/1
   314 | D:1      | Reached skill level 1 in Short Blades
   314 | D:1      | Gained mutation: You are partially covered in sharp spines.
                  | [demonic ancestry]
   314 | D:1      | Reached XP level 2. HP: 18/21 MP: 2/2
   941 | D:2      | Gained mutation: Your demonic aura sometimes causes spilled
                  | blood to erupt in flames. [demonic ancestry]
   941 | D:2      | Reached XP level 3. HP: 27/27 MP: 3/3
  1454 | D:2      | Found a faded altar of an unknown god.
  1583 | D:2      | Gained mutation: You are mostly covered in sharp spines.
                  | [demonic ancestry]
  1583 | D:2      | Reached XP level 4. HP: 32/34 MP: 4/4
  1811 | D:3      | Noticed Grinder
  1924 | D:3      | Noticed Ijyb
  1977 | D:3      | Your ally Ijyb died
  2084 | D:3      | Noticed Terence
  2093 | D:3      | Killed Terence
  2324 | D:3      | Reached XP level 5. HP: 40/40 MP: 5/5
  2613 | D:4      | Noticed an ogre
  2619 | D:4      | Killed an ogre
  2814 | D:4      | Reached XP level 6. HP: 40/48 MP: 6/6
  3226 | D:4      | Reached skill level 1 in Maces & Flails
  3378 | D:5      | Entered Level 5 of the Dungeon
  3434 | D:4      | Reached XP level 7. HP: 52/55 MP: 7/7
  3447 | D:5      | Noticed a troll
  3578 | D:5      | Reached skill level 5 in Fighting
  3688 | D:5      | Killed a troll
  3689 | D:5      | Reached skill level 5 in Maces & Flails
  3689 | D:5      | Gained mutation: Your demonic aura often causes spilled
                  | blood to erupt in flames. [demonic ancestry]
  3689 | D:5      | Reached XP level 8. HP: 53/64 MP: 8/8
  3788 | D:5      | Noticed Eustachio
  3817 | D:5      | Killed Eustachio
  4067 | D:6      | Noticed Pikel
  4195 | D:6      | Killed Pikel
  4196 | D:6      | Reached XP level 9. HP: 64/72 MP: 9/9
  4264 | D:6      | Found a staircase to the Ecumenical Temple.
  4273 | Temple   | Entered the Ecumenical Temple
  4468 | Temple   | Became a worshipper of Nemelex Xobeh the Trickster
  4539 | D:6      | Reached skill level 1 in Invocations
  5296 | D:7      | Reached * piety under Nemelex Xobeh
  5388 | D:7      | You fall into a shaft and drop 1 floor!
  5638 | D:7      | Received a gift from Nemelex Xobeh
  6501 | D:8      | Noticed Psyche
  6512 | D:8      | Killed Psyche
  6513 | D:8      | Gained mutation: You have sharp fingernails. [demonic
                  | ancestry]
  6513 | D:8      | Reached XP level 10. HP: 74/80 MP: 13/13
  6655 | D:8      | Found a snail-covered altar of Cheibriados.
  6902 | D:9      | Found a staircase to the Lair.
  6917 | D:9      | Found a basalt altar of Yredelemnul.
  6917 | D:9      | Noticed Erolcha
  6924 | D:9      | Killed Erolcha
  6925 | D:9      | Reached skill level 2 in Unarmed Combat
  6925 | D:9      | Reached skill level 5 in Invocations
  6943 | D:9      | Noticed a two-headed ogre
  6957 | D:9      | Killed a two-headed ogre
  6958 | D:9      | Reached skill level 3 in Unarmed Combat
  6994 | D:9      | Found an opulent altar of Gozag.
  7063 | D:9      | Noticed Prince Ribbit
  7078 | D:9      | Killed Prince Ribbit
  7147 | D:9      | Found a runed translucent door.
  7178 | D:9      | Found a sacrificial altar of Ru.
  7229 | D:9      | Reached skill level 4 in Unarmed Combat
  7339 | D:9      | Found a burning altar of Makhleb.
  7349 | D:9      | Found an iron altar of Okawaru.
  7413 | D:9      | Noticed Harold
  7437 | D:9      | Killed Harold
  7438 | D:9      | Reached skill level 5 in Unarmed Combat
  7564 | D:9      | Noticed Maurice
  7576 | D:9      | Killed Maurice
  7577 | D:9      | Gained mutation: You are partially covered in razor-sharp
                  | scales. (AC +1, Slay +1) [demonic ancestry]
  7577 | D:9      | Reached XP level 11. HP: 80/89 MP: 16/16
  7607 | D:9      | Noticed Erica
  7632 | D:9      | Killed Erica
  7633 | D:9      | Reached skill level 6 in Unarmed Combat
  7991 | D:9      | Noticed a flayed ghost
  8035 | D:10     | Entered Level 10 of the Dungeon
  8035 | D:10     | Reached ** piety under Nemelex Xobeh
  8330 | D:10     | Noticed Grum
  8331 | D:10     | Noticed Snorg
  8347 | D:10     | Killed Grum
  8360 | D:10     | Killed Snorg
  8604 | D:10     | Reached *** piety under Nemelex Xobeh
  8700 | D:10     | Noticed a two-headed ogre
  8705 | D:10     | Killed a two-headed ogre
  8706 | D:10     | Reached skill level 7 in Unarmed Combat
  8816 | D:10     | Received a gift from Nemelex Xobeh
  8957 | Lair:1   | Entered Level 1 of the Lair of Beasts
  8989 | Lair:1   | Noticed a five-headed hydra
  8998 | Lair:1   | Reached skill level 10 in Fighting
  8998 | Lair:1   | Reached skill level 1 in Dodging
  8998 | Lair:1   | Killed a five-headed hydra
  9158 | Lair:1   | Noticed a six-headed hydra
  9171 | Lair:1   | Killed a six-headed hydra
  9218 | Lair:1   | Reached skill level 8 in Unarmed Combat
  9583 | Lair:1   | Gained mutation: You are mostly covered in razor-sharp
                  | scales. (AC +2, Slay +2) [demonic ancestry]
  9583 | Lair:1   | Reached XP level 12. HP: 97/98 MP: 18/18
  9602 | Lair:1   | Noticed a five-headed hydra
  9615 | Lair:1   | Killed a five-headed hydra
 10133 | Lair:2   | Received a gift from Nemelex Xobeh
 10198 | Lair:2   | Reached **** piety under Nemelex Xobeh
 10292 | Lair:2   | Noticed a catoblepas
 10301 | Lair:2   | Reached skill level 9 in Unarmed Combat
 10304 | Lair:2   | Noticed a seven-headed hydra
 10323 | Lair:2   | Killed a catoblepas
 10331 | Lair:2   | HP: 4/99 [seven-headed hydra (13)]
 10332 | Lair:2   | Killed a seven-headed hydra
 10626 | Lair:2   | Received a gift from Nemelex Xobeh
 11058 | Lair:3   | Received a gift from Nemelex Xobeh
 11184 | Lair:3   | Reached skill level 1 in Shields
 11218 | Lair:3   | Reached skill level 10 in Invocations
 11222 | Lair:3   | Reached skill level 10 in Unarmed Combat
 11246 | Lair:3   | Reached ***** piety under Nemelex Xobeh
 11388 | Lair:3   | Found a staircase to the Shoals.
 11388 | Lair:3   | Noticed a six-headed hydra
 11396 | Lair:3   | Killed a six-headed hydra
 11488 | Lair:3   | Gained mutation: You are completely covered in razor-sharp
                  | scales. (AC +3, Slay +3) [demonic ancestry]
 11488 | Lair:3   | Reached XP level 13. HP: 88/106 MP: 20/20
 11714 | Lair:3   | Gained mutation: Your muscles are strong. (Str +2) [potion
                  | of mutation]
 11714 | Lair:3   | Gained mutation: You possess an exceptional clarity of
                  | mind. [potion of mutation]
 11756 | Lair:4   | Noticed Nergalle
 11761 | Lair:4   | Killed Nergalle
 11878 | Lair:4   | Found a staircase to the Snake Pit.
 12057 | Lair:4   | Received a gift from Nemelex Xobeh
 12594 | Lair:5   | Reached skill level 11 in Unarmed Combat
 13380 | Lair:5   | Identified the +1 robe of Icoy {rF+ rCorr Str+3}
 13412 | Lair:6   | Entered Level 6 of the Lair of Beasts
 13533 | Lair:6   | Reached skill level 12 in Unarmed Combat
 13538 | Lair:6   | Found a staircase to the Slime Pits.
 13703 | Lair:6   | Received a gift from Nemelex Xobeh
 13788 | Lair:6   | Reached skill level 5 in Armour
 13983 | Lair:6   | Gained mutation: You are completely covered in sharp
                  | spines. [demonic ancestry]
 13983 | Lair:6   | Reached XP level 14. HP: 116/116 MP: 22/22
 14134 | Lair:6   | Reached skill level 13 in Unarmed Combat
 14356 | Lair:6   | Received a gift from Nemelex Xobeh
 15351 | D:11     | Received a gift from Nemelex Xobeh
 15609 | D:12     | Received a gift from Nemelex Xobeh
 16154 | D:12     | Reached ****** piety under Nemelex Xobeh
 16267 | D:12     | Received a gift from Nemelex Xobeh
 16679 | D:12     | Found a staircase to the Orcish Mines.
 16708 | D:12     | Identified a scroll of acquirement
 16709 | D:12     | Acquired 1021 gold pieces
 17053 | Orc:1    | Entered Level 1 of the Orcish Mines
 17054 | Orc:1    | You fall into a shaft and drop 1 floor!
 17054 | Orc:2    | Entered Level 2 of the Orcish Mines
 17067 | Orc:2    | Found Iryesm's Armour Shop.
 17138 | Orc:2    | Reached skill level 14 in Unarmed Combat
 17380 | Orc:2    | Received a gift from Nemelex Xobeh
 17387 | Orc:2    | Bought a +2 helmet for 280 gold pieces
 17650 | Orc:2    | Found Neatufal's Jewellery Boutique.
 17650 | Orc:2    | Found Posmirhi's Weapon Emporium.
 17789 | Orc:2    | Found Siwim's Weapon Shoppe.
 17791 | Orc:2    | Found Goenech's Antique Weapon Shop.
 17795 | Orc:2    | Bought the ring "Gyrimir" {rF+ AC+4 Dex+4} for 817 gold
                  | pieces
 17837 | Orc:2    | Found a staircase to the Elven Halls.
 18086 | Orc:1    | Paralysed by an orc sorcerer for 5 turns
 18163 | Orc:1    | Received a gift from Nemelex Xobeh
 18685 | D:13     | Gained mutation: Your demonic aura causes all spilled blood
                  | to erupt in flames. [demonic ancestry]
 18685 | D:13     | Reached XP level 15. HP: 123/125 MP: 23/23
 18808 | D:13     | Received a gift from Nemelex Xobeh
 18862 | D:13     | Found Hivvegri's Armour Shoppe.
 19021 | D:13     | Received a gift from Nemelex Xobeh
 19360 | D:13     | Found Hitoyl's Antique Weapon Shoppe.
 19441 | D:13     | Received a gift from Nemelex Xobeh
 19655 | D:13     | Found Suzeuw's Jewellery Emporium.
 20030 | D:14     | Received a gift from Nemelex Xobeh
 20070 | D:14     | Reached skill level 15 in Unarmed Combat
 20238 | D:14     | Found a gate to the Vaults.
 20370 | D:14     | Received a gift from Nemelex Xobeh
 20429 | D:14     | Found a runed translucent door.
 20431 | D:14     | Noticed KennySheep's ghost (journeyman DECj)
 20829 | D:15     | Entered Level 15 of the Dungeon
 20829 | D:15     | Received a gift from Nemelex Xobeh
 20846 | D:15     | Found a frozen archway.
 20864 | D:15     | Demolished by an entropy weaver simulacrum

Illustrated notes

Levels and vault maps discovered:
D:1:      dpeg_arrival_brainrot, layout_basic, minivault_4
D:2:      layout_loops_ring, shapermc_ecumenical_altar_venn, roderic_lattice_a,
          minmay_surrounded
D:3:      layout_basic, uniq_grinder, uniq_terence, uniq_ijyb
D:4:      layout_cave_pods, minmay_misc_feat_rugged
D:5:      layout_rooms, mainiacjoe_overflow_six_doors_small, serial_undead,
          serial_undead_a, serial_undead_f, serial_undead_c, serial_undead_d,
          serial_undead_d, serial_undead_d, uniq_eustachio
D:6:      layout_basic, lemuel_temple_firewalk_b, uniq_pikel
D:7:      layout_layer_cave
D:8:      layout_basic, lemuel_round_altar, uniq_psyche
D:9:      due_megacathedral, layout_loops_ring, grunt_temple_overflow_open,
          uniq_harold, uniq_erolcha, uniq_maurice, uniq_prince_ribbit1,
          uniq_erica
D:10:     layout_irregular_city, uniq_grum, uniq_snorg
D:11:     layout_roguey
D:12:     layout_layer_cave, david_orc_1_choice
D:13:     layout_layer_cave, serial_shops, nicolae_shop_crystal,
          nicolae_shop_behind_doors, shop
D:14:     layout_irregular_city, david_vaults_3, ebering_ghost_inner_flame
D:15:     grunt_enter_depths_hoard, layout_long_grid,
          portal_ice_cave_entry_ice_simulacra, serial_shops, shop,
          nzn_hepliaklqana_mist_gate, enter_trove_1, drop_trap, uniq_jorgrun
Temple:   eino_narrow_crystal_temple
Lair:1:   kb_forest_paths, layout_chaotic_city
Lair:2:   layout_regular_city, beast_lair_carwin_11
Lair:3:   layout_regular_city, shoals_dummy_entry, minmay_lindwurm_lava
Lair:4:   layout_roguey, guppyfry_snake_entry_island, uniq_nergalle
Lair:5:   layout_misc_corridors, grunt_megastairs_4
Lair:6:   hangedman_lair_caniforms_friends, layout_cave_pods,
          guppyfry_lair_end_dragon, nicolae_slime_entry_slimehenge
Orc:1:    layout_diamond_mine
Orc:2:    st_orc_rangers, layout_caves, basic_altar, serial_shops,
          nicolae_shop_hallway_stairs

Skill      XL: |  1  2  3  4  5  6  7  8  9 10 11 12 13 14 15 |
---------------+----------------------------------------------+-----
Short Blades   | 1 2 3 4 |  4.4
Fighting       | 2 3 4 5 7 8 9 10 11 12 13 14 | 14.3
Maces & Flails | 2 5 7 9 |  9.3
Invocations    | 4 7 8 10 | 10.8
Unarmed Combat | 5 8 10 12 14 15 | 15.3
Dodging        | 3 4 |  4.3
Armour         | 3 5 7 8 |  8.4
Shields        | 2 4 |  4.0
Stealth        | |  0.8
Evocations     | |  3.0

Action                   |  1- 3 |  4- 6 |  7- 9 | 10-12 | 13-15 || total
-------------------------+-------+-------+-------+-------+-------++-------
Melee: Short sword       |    32 |     1 |       |       |       ||    33
       Club              |     6 |       |       |       |       ||     6
       Dagger            |   109 |    50 |       |       |       ||   159
       Whip              |       |    34 |   283 |   394 |       ||   711
       Punch             |       |       |       |    17 |       ||    17
       Unarmed           |       |       |       |    74 |   749 ||   823
Invok: Draw Destruction  |       |       |     1 |    16 |    34 ||    51
       Draw Summoning    |       |       |     1 |     3 |     6 ||    10
       Draw Escape       |       |       |     1 |       |     9 ||    10
Evoke: Wand              |     5 |    18 |    16 |    17 |     6 ||    62
       Piece from Xom's  |       |     2 |     2 |       |       ||     4
  Use: Scroll            |       |     2 |     5 |     7 |     8 ||    22
       Potion            |       |       |     1 |     4 |     3 ||     8
 Stab: Sleeping          |     2 |     1 |       |       |     1 ||     4
       Distracted        |       |       |     1 |     1 |     1 ||     3
       Petrified         |       |       |       |     1 |       ||     1
Armor: Leather armour    |    37 |     1 |       |       |       ||    38
       Scale mail        |       |    38 |   148 |   132 |   311 ||   629
       Shadow dragon sca |       |       |       |       |    19 ||    19
Dodge: Dodged            |    66 |    41 |   113 |   236 |   463 ||   919
Block: Buckler           |       |       |       |       |   167 ||   167

Table legend: (Time is in decaauts)
 A = Elapsed time spent in this place.
 B = Non-inter-level travel time spent in this place.
 C = Inter-level travel time spent in this place.
 D = Time resting spent in this place.
 E = Time spent auto-exploring this place.
 F = Levels seen in this place.
 G = Mean time per level.
                   A        B        C        D        E       F      G
               +--------+--------+--------+--------+--------+-----+--------+
         Total |  20535 |  19634 |    901 |    244 |  15638 |  24 |  855.6 |
       Dungeon |  13065 |  12490 |    575 |     49 |  10195 |  15 |  871.0 |
        Temple |    210 |    182 |     28 |      0 |    171 |   1 |  210.0 |
          Lair |   5912 |   5693 |    219 |     91 |   4419 |   6 |  985.3 |
  Orcish Mines |   1346 |   1268 |     78 |    104 |    852 |   2 |  673.0 |
               +--------+--------+--------+--------+--------+-----+--------+

Top non-repeatable levels by time:
    D:12: 1471 daAuts
    D:13: 1469 daAuts
  Lair:6: 1452 daAuts
     D:9: 1247 daAuts
  Lair:1: 1164 daAuts
     D:7: 1141 daAuts
   Orc:2: 996 daAuts
     D:2: 923 daAuts
    D:10: 909 daAuts
  Lair:2: 893 daAuts
     D:1: 878 daAuts
  Lair:5: 856 daAuts
     D:4: 833 daAuts
    D:14: 829 daAuts
  Lair:4: 827 daAuts
